 Dungeon Crawl Stone Soup version 0.30.0-15-g856e2d3f33 (webtiles) character file.

Game seed: 16602510548680101609

209 ProzacElf the Slasher (level 5, 0/38 HPs)
             Began as a Demonspawn Gladiator on May 19, 2023.
             Succumbed to Sigmund's poison
             ... on level 2 of the Dungeon.
             The game lasted 00:03:55 (1626 turns).

ProzacElf the Slasher (Demonspawn Gladiator)        Turns: 1626, Time: 00:03:56

Health: 0/38       AC: 10    Str: 16    XL:     5   Next: 55%
Magic:  3/5        EV: 11    Int: 10    God:
Gold:   107        SH:  7    Dex: 14    Spells: 4/4 levels left

rFire   . . .        a - +0 long sword
rCold   . . .        m - +0 buckler
rNeg    . . .        g - +0 ring mail
rPois   .            c - +0 helmet
rElec   .            (no cloak)
rCorr   .            (no gloves)
SInv    .            (no boots)
Will    .....        o - amulet of guardian spirit
Stlth   ++           (no ring)
HPRegen 0.26/turn    (no ring)
MPRegen 0.09/turn

%: guardian spirit
@: lethally poisoned (0 -> -15), invisible
A: foul stench 1, icemail 1, condensation shield, weakness stinger 1
a: no special abilities


You were on level 2 of the Dungeon.
You visited 1 branch of the dungeon, and saw 2 of its levels.

You collected 107 gold pieces.

Inventory:

Hand Weapons
 a - a +0 long sword (weapon)
Missiles
 d - 3 throwing nets (quivered)
 e - a javelin
 s - 2 poisoned darts
Armour
 b - a +0 leather armour
 c - a +0 helmet (worn)
 g - a +0 ring mail (worn)
 m - a +0 buckler (worn)
Jewellery
 o - an amulet of guardian spirit (around neck)
 p - a ring of ice
Wands
 r - a wand of roots (10)
Scrolls
 f - 3 scrolls of identify {unknown}
 h - 2 scrolls of enchant armour {unknown}
 i - a scroll of noise {unknown}
 k - a scroll of brand weapon {unknown}
 q - a scroll of teleportation {unknown}
 u - a scroll of butterflies {unknown}
Potions
 n - a potion of mutation {unknown}
 t - a potion of might {unknown}


   Skills:
 - Level 2.0 Fighting
 + Level 3.9 Long Blades
 + Level 3.4 Throwing
 - Level 2.6 Dodging
 + Level 2.9 Stealth


You had 4 spell levels left.
You didn't know any spells.
Your spell library contained the following spells:

 Spells                   Type           Power      Damage    Failure   Level
 Freeze                   Ice            0%         1d3       69%         1
 Kiss of Death            Conj/Necr      0%         2d5       69%         1
 Sting                    Tmut/Pois      0%         1d3       69%         1
 Sublimation of Blood     Necr           0%         N/A       83%         2
 Petrify                  Tmut/Erth      0%         N/A       100%        4
 Irradiate                Conj/Tmut      0%         3d11      100%        5


Dungeon Overview and Level Annotations

Branches:
Dungeon (2/15)

Altars:

Annotations:
D:2 Sigmund


Innate Abilities, Weirdness & Mutations

You may rarely emit foul miasma when damaged in melee.
A meltable icy envelope protects you from harm. (AC +4)
A meltable shield of frost defends you. (SH +4)
You have a small tail.


Message History

Ye resist wit' some effort.
Ye take 4 damage, an' haf 14/38 hp.
Ye hit Sigmund.
Ye tail-slap Sigmund.
Sigmund be heavily wounded.
* * * LOW HITPOINT WARNIN'
* * * Ye feel very sick.
Sigmund hits ye wit' a +2 scytha o' venom.
* * * LOW HITPOINT WARNIN'
* * * Ye be more poison'd.
Ye take 7 damage, an' haf 7/38 hp.
Ye now haf 2/5 mp.
Ye feel much better.
Ye feel very sick.
Sigmund hits ye wit' a +2 scytha o' venom.
Ye be leth'lly poison'd!
Ye regain'd 18 hp, an' now haf 25/38 hp.
Ye catch tha helpless Sigmund completely off-guard!
Ye hit Sigmund.
Sigmund be heavily wounded.
Ye feel 'stremely sick.
Ye take 7 damage, an' haf 18/38 hp.
Ye closely miss Sigmund.
Ye tail-slap Sigmund.
Sigmund be severely wounded.
Ye feel very sick.
Sigmund misses ye.
Ye take 5 damage, an' haf 13/38 hp.
Ye closely miss Sigmund.
Sigmund be severely wounded.
* * * LOW HITPOINT WARNIN'
* * * Ye feel very sick.
Sigmund hits ye wit' a +2 scytha o' venom.
* * * LOW HITPOINT WARNIN'
* * * Ye be more poison'd.
Ye take 5 damage, an' haf 8/38 hp.
Ye catch tha helpless Sigmund completely off-guard!
Ye hit Sigmund.
Sigmund be severely wounded.
* * * LOW HITPOINT WARNIN'
* * * Ye feel very sick.
Ye take 5 damage, an' haf 3/38 hp.
Ye die...

#..........## ##...##
#.........##### ##...###
#>.............#######...##..
#....<....####..........###.#
#.........# ####.....###.#
#.........# ##..###..##.#
#.........#######..####.....#
############.)....####.[#....
#@#######.......## #@.#
#.......# ##.# ####......##
#.# #..[......# @
##.###.#.......#
....####......#.......###
..K.......#####...)......
.......................##
....############......##


You could see Sigmund (unable to see you).

Vanquished Creatures
  Natasha (thrice) (D:2)
  4 gnolls
  3 adders (D:2)
  3 worms (D:2)
  A dart slug (D:1)
  4 ball pythons
  8 endoplasms
  A giant cockroach (D:2)
  7 hobgoblins
  4 jackals (D:1)
  3 quokkas
  4 bats (D:1)
  3 goblins (D:2)
  8 kobolds
  5 rats
61 creatures vanquished.

Notes
Turn   | Place    | Note
-------+----------+-------------------------------------------
     0 | D:1      | ProzacElf the Demonspawn Gladiator began the quest for the
                  | Orb.
     0 | D:1      | Reached XP level 1. HP: 16/16 MP: 1/1
   101 | D:1      | Gained mutation: A meltable shield of frost defends you.
                  | (SH +4) [demonic ancestry]
   101 | D:1      | Reached XP level 2. HP: 18/22 MP: 2/2
   131 | D:1      | Reached skill level 1 in Stealth
   519 | D:1      | Gained mutation: You have a small tail. [demonic ancestry]
   519 | D:1      | Reached XP level 3. HP: 7/27 MP: 3/3
   987 | D:2      | Noticed Natasha
   994 | D:2      | Killed Natasha
   995 | D:2      | Gained mutation: A meltable icy envelope protects you from
                  | harm. (AC +4) [demonic ancestry]
   995 | D:2      | Reached XP level 4. HP: 29/33 MP: 1/4
  1002 | D:2      | Noticed Natasha
  1009 | D:2      | Killed Natasha
  1041 | D:2      | Noticed Natasha
  1301 | D:2      | Killed Natasha
  1302 | D:2      | Gained mutation: You may rarely emit foul miasma when
                  | damaged in melee. [demonic ancestry]
  1302 | D:2      | Reached XP level 5. HP: 3/38 MP: 0/5
  1491 | D:2      | Got First Steps in Hermeneutics
  1595 | D:2      | Noticed Sigmund
  1626 | D:2      | Succumbed to Sigmund's poison

Illustrated notes

Levels and vault maps discovered:
D:1:      dpeg_arrival_round_a, layout_basic, minmay_pentomino_v2
D:2:      layout_rooms, uniq_sigmund, uniq_natasha

Skill      XL: |  1  2  3  4 |
---------------+-------------+-----
Throwing       | 2 3 |  3.4
Stealth        | 1 2 |  2.9
Long Blades    | 3 |  3.9
Fighting       | |  2.0
Dodging        | |  2.6

Action                     |  1- 3 |  4- 6 || total
---------------------------+-------+-------++-------
  Melee: Long sword        |    94 |    97 ||   191
         Tailslap          |       |    15 ||    15
  Throw: Throwing net      |     1 |       ||     1
    Use: Potion            |       |     3 ||     3
   Stab: Held in net/web   |     2 |       ||     2
         Sleeping          |     3 |     1 ||     4
         Invisible         |       |     2 ||     2
 Armour: Leather armour    |    12 |       ||    12
         Ring mail         |    23 |    30 ||    53
  Dodge: Dodged            |    55 |    52 ||   107
  Block: Other             |    14 |       ||    14
         Buckler           |     3 |    36 ||    39

Action                     |  1- 3 |  4- 6 || total
---------------------------+-------+-------++-------
  Melee: Long sword        |    94 |    97 ||   191
         Tailslap          |       |    15 ||    15
  Throw: Throwing net      |     1 |       ||     1
    Use: Potion            |       |     3 ||     3
   Stab: Held in net/web   |     2 |       ||     2
         Sleeping          |     3 |     1 ||     4
         Invisible         |       |     2 ||     2
 Armour: Leather armour    |    12 |       ||    12
         Ring mail         |    23 |    30 ||    53
  Dodge: Dodged            |    55 |    52 ||   107
  Block: Other             |    14 |       ||    14
         Buckler           |     3 |    36 ||    39

Levels and vault maps discovered:
D:1:      dpeg_arrival_round_a, layout_basic, minmay_pentomino_v2
D:2:      layout_rooms, uniq_sigmund, uniq_natasha
